[Event "Team 45 45 League T66"]
[Site "Internet Chess Club"]
[Date "2015.09.26"]
[Round "4"]
[White "primerpaso"]
[Black "Tobiasdelmonte"]
[Result "1-0"]
[WhiteElo "1902"]
[BlackElo "1807"]
[Opening "QGD: Tarrasch, Prague variation, 7...Be7"]
[ECO "D34"]
[Time "20:45:35"]
[TimeControl "2700+45"]

1. c4 Nf6 2. Nc3 e6 3. g3 d5 4. cxd5 exd5 5. d4 c5 6. Nf3 Nc6 7. Bg2 Be7 8. O-O
c4 9. Ne5 Be6 10. Nxc6 bxc6 11. Bf4 O-O 12. h3 h6 13. Kh2 Qb6 14. Na4 Qb5 15. g4
Rfe8 16. Rb1 Ne4 17. f3 Nf6 18. Qc2 Rac8 19. e4 dxe4 20. fxe4 g5 21. Be5 Nd7 22.
Bg3 Nb6 23. Nc3 Qa5 24. Rbd1 Red8 25. Qe2 Na4 26. Nxa4 Qxa4 27. d5 Bd7 28. d6
Bf8 29. Qf2 Be6 30. Be5 Bg7 31. Bxg7 Kxg7 32. Qf6+ Kh7 33. e5 Qc2 34. Rd4 Qxb2
35. Rdd1 Rd7 36. Kh1 Qc2 37. Rfe1 Bd5 38. Bxd5 cxd5 39. e6 fxe6 40. Qxe6 Rcd8
41. Qxd5 Qc3 42. Qf5+ Kh8 43. Kg2 Qb2+ 44. Kf1 Qg7 45. Qe6 Rf8+ 46. Kg1 c3 47.
Qc4 Qf7 48. Qxc3+ Kg8 49. Rf1 Qxa2 50. Rxf8+ Kxf8 51. Qc8+ {Black resigns} 1-0

[Event "Team 45 45 League T66"]
[Site "Internet Chess Club"]
[Date "2015.09.27"]
[Round "4"]
[White "kabindra"]
[Black "Ajolote"]
[Result "1/2-1/2"]
[WhiteElo "1746"]
[BlackElo "1634"]
[Opening "Giuoco Piano"]
[ECO "C50"]
[Time "18:00:32"]
[TimeControl "2700+45"]

1. e4 e5 2. Nf3 Nc6 3. Bc4 Bc5 4. Qe2 Nf6 5. Bxf7+ Kxf7 6. Qc4+ d5 7. Qxc5 Nxe4
8. Qe3 Re8 9. d3 Nf6 10. Ng5+ Kg8 11. O-O Bg4 12. c3 d4 13. Qg3 dxc3 14. bxc3
Be2 15. Re1 Qxd3 16. Qxd3 Bxd3 17. Nd2 Rad8 18. Bb2 Bf5 19. Nb3 e4 20. c4 h6 21.
Nh3 Bxh3 22. gxh3 b6 23. Re3 Nb4 24. Rg3 Kf7 25. Nd4 Nd3 26. Bc3 c5 27. Nf5 Rg8
28. Re3 Rge8 29. Rg3 Rg8 30. Re3 Rge8 31. Rg3 {Game drawn by repetition} 1/2-1/2

[Event "Team 45 45 League T66"]
[Site "Internet Chess Club"]
[Date "2015.09.27"]
[Round "4"]
[White "allaboutthegyro"]
[Black "fledermaus"]
[Result "1-0"]
[WhiteElo "1952"]
[BlackElo "1908"]
[Opening "Sicilian: closed"]
[ECO "B23"]
[Time "15:30:48"]
[TimeControl "2700+45"]

1. e4 c5 2. Nc3 d6 3. f4 Nc6 4. Nf3 e6 5. d4 cxd4 6. Nxd4 Be7 7. Be3 Nf6 8. Qe2
e5 9. Nf3 Ng4 10. O-O-O Nxe3 11. Qxe3 exf4 12. Qxf4 Be6 13. Be2 a6 14. Rhf1 O-O
15. Nd5 Bxd5 16. exd5 Ne5 17. c3 Bf6 18. Kb1 Nxf3 19. Rxf3 Be5 20. Qe3 b5 21.
Rdf1 g6 22. g4 f6 23. h4 Qd7 24. h5 g5 25. h6 Rae8 26. Bd3 Bxc3 27. Qb6 Be5 28.
Bf5 Qd8 29. Qxa6 Qa8 30. Be6+ Kh8 31. Qxa8 Rxa8 32. Rb3 Rfb8 33. Rc1 Ra4 34. Rc7
Rd4 35. Rxb5 Re8 36. Rbb7 {Black resigns} 1-0

[Event "Team 45 45 League T66"]
[Site "Internet Chess Club"]
[Date "2015.09.26"]
[Round "4"]
[White "jonesey"]
[Black "drbishop"]
[Result "1-0"]
[WhiteElo "1949"]
[BlackElo "1781"]
[Opening "French: advance, Milner-Barry gambit"]
[ECO "C02"]
[Time "20:00:37"]
[TimeControl "2700+45"]

1. e4 e6 2. d4 d5 3. e5 c5 4. c3 Qb6 5. Nf3 Nc6 6. Bd3 Bd7 7. O-O cxd4 8. cxd4
Nxd4 9. Nxd4 Qxd4 10. Nc3 a6 11. Qf3 Ne7 12. Rd1 Qxe5 13. Bf4 Qf6 14. Re1 Bc6
15. Qg3 Nf5 16. Qh3 Nh4 17. Be5 Qg5 18. f4 Bc5+ 19. Kh1 Qxg2+ 20. Qxg2 Nxg2 21.
Kxg2 d4+ 22. Ne4 f6 23. Rec1 Be7 24. Rxc6 bxc6 25. Bc7 Kf7 26. Bc4 g6 27. Re1
Bb4 28. Re2 Rhe8 29. Bd6 Rab8 30. Bxb8 Rxb8 31. a3 Bf8 32. b4 Rb6 33. Nc5 Bd6
34. Nxe6 Bxb4 35. Nxd4+ Kf8 36. Ne6+ Ke7 37. axb4 Rxb4 38. Bxa6 Kd6 39. Kf3 Rb3+
40. Kf2 c5 41. Nf8 Kd5 42. Nxh7 c4 43. Nxf6+ Kc5 44. Rc2 c3 45. Rxc3+ Rxc3 46.
Ne4+ Kd4 47. Nxc3 Kxc3 48. Kg3 Kd4 49. Kg4 Ke4 50. Kg5 Ke3 51. h4 Kf3 52. Bd3
Ke3 53. Bxg6 {Black resigns} 1-0

[Event "Team 45 45 League T66"]
[Site "Internet Chess Club"]
[Date "2015.09.28"]
[Round "4"]
[White "Saigee"]
[Black "Whalen"]
[Result "0-1"]
[WhiteElo "1598"]
[BlackElo "1687"]
[Opening "Sicilian defense"]
[ECO "B44"]
[Time "15:00:58"]
[TimeControl "2700+45"]

1. e4 c5 2. Nf3 e6 3. d4 cxd4 4. Nxd4 Nc6 5. Nxc6 bxc6 6. Bd3 d5 7. exd5 cxd5 8.
O-O Nf6 9. Nc3 Bd7 10. Re1 Be7 11. Bf4 O-O 12. a3 Qb6 13. Rb1 Bc6 14. Qd2 Rac8
15. Be3 Bc5 16. Bxc5 Qxc5 17. b4 Qb6 18. b5 Bd7 19. Na4 Qc7 20. Qe3 Ng4 21. Qh3
f5 22. b6 Qf4 23. b7 Qxf2+ 24. Kh1 Qxe1+ 25. Rxe1 Nf2+ 26. Kg1 Nxh3+ 27. gxh3
Rc7 {White resigns} 0-1

[Event "Team 45 45 League T66"]
[Site "Internet Chess Club"]
[Date "2015.09.27"]
[Round "4"]
[White "gera-carp75"]
[Black "jt2000"]
[Result "1/2-1/2"]
[WhiteElo "1941"]
[BlackElo "2035"]
[Opening "Sicilian: Sozin with ...a6 and ...b5"]
[ECO "B87"]
[Time "18:36:36"]
[TimeControl "2700+45"]

1. e4 c5 2. Nf3 d6 3. d4 cxd4 4. Nxd4 Nf6 5. Nc3 a6 6. Bc4 e6 7. Bb3 b5 8. Bg5
Be7 9. Qf3 Ra7 10. O-O-O Qa5 11. Bd2 b4 12. Nce2 Bb7 13. Qe3 Qc5 14. Bxb4 Qxb4
15. Nxe6 fxe6 16. Qxa7 Nc6 17. Ba4 Qxa4 18. Qxb7 Nb4 19. b3 Qa3+ 20. Kd2 Kf7 21.
f3 Qa5 22. a4 Qc5 23. c3 Qc6 24. Qxc6 Nxc6 25. Nd4 Nxd4 26. cxd4 Rb8 27. Rb1 Bd8
28. b4 d5 29. e5 Nd7 30. a5 Rb7 31. f4 Nb8 32. Rhc1 Be7 33. b5 axb5 34. Rc8 Na6
35. Rc6 Nb4 36. Rb6 Ra7 37. Rxb5 Nc6 38. Kd3 Rxa5 39. Rxa5 Nxa5 40. Rb5 Nc4 41.
Rb7 Na5 42. Rb5 Nc4 43. Rb7 Na5 44. Rb5 {Game drawn by repetition} 1/2-1/2

[Event "Team 45 45 League T66"]
[Site "Internet Chess Club"]
[Date "2015.09.28"]
[Round "4"]
[White "Goli"]
[Black "freakypawn"]
[Result "0-1"]
[WhiteElo "1631"]
[BlackElo "1804"]
[Opening "French: exchange variation"]
[ECO "C01"]
[Time "14:13:23"]
[TimeControl "2700+45"]

1. e4 e6 2. d4 d5 3. exd5 exd5 4. Bd3 c5 5. c3 Nc6 6. Nf3 Bg4 7. Be3 cxd4 8.
cxd4 Qb6 9. O-O Nf6 10. Nc3 Be7 11. Na4 Qb4 12. a3 Bxf3 13. gxf3 Qd6 14. Kh1 Nh5
15. Qd2 Qf6 16. Be2 Qh4 17. Rg1 Bd6 18. Rg2 g6 19. Bg5 Qxd4 20. Qc2 O-O 21. Rd1
Qe5 22. Bh6 Rfe8 23. Bd3 Nd4 24. Qc3 Rac8 25. Qa5 Nxf3 26. Be3 Nf4 27. Bxf4 Qxf4
28. Qxd5 Re6 29. Bf5 Re5 30. Bxc8 Rxd5 {White resigns} 0-1

[Event "Team 45 45 League T66"]
[Site "Internet Chess Club"]
[Date "2015.09.27"]
[Round "4"]
[White "G-force"]
[Black "spand42"]
[Result "1-0"]
[WhiteElo "2124"]
[BlackElo "2001"]
[Opening "Sicilian: Grand Prix attack"]
[ECO "B23"]
[Time "11:54:42"]
[TimeControl "2700+45"]

1. e4 c5 2. Nc3 Nc6 3. f4 e6 4. Nf3 d5 5. Bb5 Ne7 6. exd5 Nxd5 7. O-O Nxf4 8. d4
Ng6 9. d5 exd5 10. Nxd5 Be6 11. c4 Be7 12. Bxc6+ bxc6 13. Nxe7 Qxd1 14. Rxd1
Kxe7 15. b3 Rhd8 16. Be3 a6 17. Bxc5+ Ke8 18. Nd4 Rac8 19. Re1 Rd7 20. Nxe6 fxe6
21. Rxe6+ Kf7 22. Re2 Rcd8 23. Rf1+ Kg8 24. g3 Rd2 25. Rff2 Rxe2 26. Rxe2 Kf7
27. Kg2 Nf8 28. Rf2+ Kg8 29. Rxf8+ {Black resigns} 1-0

[Event "Team 45 45 League T66"]
[Site "Internet Chess Club"]
[Date "2015.09.24"]
[Round "4"]
[White "The7thGuest"]
[Black "fledermaus"]
[Result "1/2-1/2"]
[WhiteElo "1923"]
[BlackElo "1923"]
[Opening "Sicilian: Alapin's variation (2.c3)"]
[ECO "B22"]
[Time "14:16:45"]
[TimeControl "2700+45"]

1. e4 c5 2. c3 d5 3. exd5 Qxd5 4. d4 Nf6 5. Nf3 Bg4 6. Be2 e6 7. h3 Bh5 8. O-O
Nc6 9. c4 Qd7 10. dxc5 Bxc5 11. Qxd7+ Nxd7 12. Nc3 Rd8 13. a3 O-O 14. b4 Be7 15.
Bb2 Bxf3 16. Bxf3 Nde5 17. Be2 Nd3 18. Bxd3 Rxd3 19. Rad1 Rfd8 20. Rxd3 Rxd3 21.
Rd1 Ne5 22. Rxd3 Nxd3 23. Nd1 a5 24. bxa5 Nxb2 25. Nxb2 Bxa3 26. Nd3 Bd6 {Game
drawn by mutual agreement} 1/2-1/2

[Event "Team 45 45 League T66"]
[Site "Internet Chess Club"]
[Date "2015.09.27"]
[Round "4"]
[White "jonesey"]
[Black "JPSVI"]
[Result "1-0"]
[WhiteElo "1953"]
[BlackElo "1589"]
[Opening "French: Fort Knox variation"]
[ECO "C10"]
[Time "23:00:32"]
[TimeControl "2700+45"]

1. e4 e6 2. d4 d5 3. Nc3 dxe4 4. Nxe4 Bd7 5. Nf3 Bc6 6. Bd3 Nd7 7. O-O Ngf6 8.
Qe2 Be7 9. Bg5 Nd5 10. Bb5 Bxb5 11. Qxb5 Rb8 12. Rfe1 O-O 13. Rad1 Bxg5 14.
Nexg5 h6 15. Ne4 Qe7 16. c4 N5f6 17. d5 Nxe4 18. Rxe4 Nc5 19. Ree1 a6 20. Qb4
Rfe8 21. Qa3 Qf8 22. b4 Nd7 23. dxe6 Nb6 24. c5 Nc4 25. Qb3 b5 26. cxb6 Nxb6 27.
Rc1 Rbc8 28. exf7+ Qxf7 29. Rxe8+ Rxe8 30. Qxf7+ Kxf7 31. Rxc7+ Re7 32. Ne5+ Ke8
33. Rxe7+ Kxe7 34. Nc6+ Ke6 35. Nb8 Kd5 36. Nxa6 Kc4 37. f4 Nd5 38. g3 Kb5 39.
Nc5 Nxb4 40. Ne6 g6 41. Nf8 g5 42. fxg5 hxg5 43. g4 Nd3 44. Nh7 Ne5 45. h3 Nf7
46. Kf2 Kb4 47. Ke3 Ka3 48. Ke4 Kxa2 49. Kf5 Kb3 50. Nxg5 Nd6+ 51. Ke6 {Black
resigns} 1-0

[Event "Team 45 45 League T66"]
[Site "Internet Chess Club"]
[Date "2015.09.25"]
[Round "4"]
[White "LiangLiang"]
[Black "ChessRooklift"]
[Result "1/2-1/2"]
[WhiteElo "1840"]
[BlackElo "1856"]
[Opening "Scandinavian: Marshall variation"]
[ECO "B01"]
[Time "18:30:32"]
[TimeControl "2700+45"]

1. e4 d5 2. exd5 Nf6 3. d4 Nxd5 4. Nf3 Bg4 5. Be2 e6 6. h3 Bh5 7. c4 Nf6 8. Nc3
c6 9. O-O Nbd7 10. a3 Be7 11. Be3 O-O 12. Qd2 Bg6 13. Rfd1 Ne4 14. Nxe4 Bxe4 15.
Rac1 Nf6 16. Ng5 Bg6 17. Bd3 Qd7 18. Bxg6 hxg6 19. Qc2 Rfd8 20. Rd2 Rac8 21. Nf3
Qc7 22. b4 b6 23. c5 b5 24. a4 a6 25. a5 Nd5 26. Qb3 Bf6 27. Rcd1 Rd7 28. g3 Re8
29. Kg2 Rde7 30. g4 e5 31. dxe5 Bxe5 32. Rxd5 cxd5 33. Qxd5 Bc3 34. Qb3 Bf6 35.
g5 Be5 36. Qd5 Bc3 37. Qb3 Be5 38. Qd5 Bf4 39. Bxf4 Qxf4 40. Rd4 Qc1 41. Qc6 Qb2
42. Qd6 Re2 43. Qg3 Rxf2+ 44. Qxf2 Re2 45. Qxe2 Qxe2+ 46. Kg3 Kf8 47. Rd8+ Ke7
48. Rd4 Qc2 49. h4 Qc3 50. Kf4 f6 {Game drawn by mutual agreement} 1/2-1/2

[Event "Team 45 45 League T66"]
[Site "Internet Chess Club"]
[Date "2015.09.28"]
[Round "4"]
[White "Regista"]
[Black "Zkid"]
[Result "0-1"]
[WhiteElo "2174"]
[BlackElo "2319"]
[Opening "Vienna game"]
[ECO "C28"]
[Time "16:01:23"]
[TimeControl "2700+45"]

1. e4 e5 2. Nc3 Nc6 3. Bc4 Nf6 4. d3 Bc5 5. f4 d6 6. Nf3 Qe7 7. Na4 Bb6 8. Nxb6
axb6 9. O-O Na5 10. fxe5 dxe5 11. Qe2 Nxc4 12. dxc4 Bg4 13. h3 Bh5 14. b3 O-O
15. a4 Rfe8 16. Bb2 Nd7 17. Rae1 Bxf3 18. Rxf3 Nc5 19. Ref1 f6 20. Rf5 Ne6 21.
Qg4 Rf8 22. Kh2 Rad8 23. Qh4 Rd7 24. R1f2 Nf4 25. g3 Ne6 26. Bc3 Qe8 27. Qg4 Qg6
28. Qf3 Rfd8 29. h4 h6 30. h5 Qe8 31. Qe3 Rd1 32. Qe2 Ng5 33. a5 Rb1 34. Rf1
Rxf1 35. Rxf1 Qd7 36. g4 bxa5 37. Bxa5 Qc6 {White resigns} 0-1

[Event "Team 45 45 League T66"]
[Site "Internet Chess Club"]
[Date "2015.09.28"]
[Round "4"]
[White "Accarid"]
[Black "Pomberito"]
[Result "1-0"]
[WhiteElo "2230"]
[BlackElo "2007"]
[Opening "Evans gambit: Tartakower attack"]
[ECO "C52"]
[Time "12:04:08"]
[TimeControl "2700+45"]

1. e4 e5 2. Nf3 Nc6 3. Bc4 Bc5 4. b4 Bxb4 5. c3 Ba5 6. d4 d6 7. Qb3 Qd7 8. Nbd2
exd4 9. cxd4 Nf6 10. O-O O-O 11. d5 Ne5 12. Nxe5 dxe5 13. Bd3 Bb6 14. Nf3 Re8
15. Bb2 Qd6 16. Qc3 Ng4 17. Rac1 Bd4 18. Nxd4 exd4 19. Qxc7 Qh6 20. Bb5 Rf8 21.
Ba3 a6 22. Bxf8 axb5 23. Bd6 f5 24. Qd8+ Kf7 25. Qe7+ Kg6 26. Qe8+ Kg5 27. f4+
Kh4 28. Rf3 Nf2 29. Be7+ {Black resigns} 1-0

[Event "Team 45 45 League T66"]
[Site "Internet Chess Club"]
[Date "2015.09.26"]
[Round "4"]
[White "CHENENE"]
[Black "RazorBladeTeddy"]
[Result "1-0"]
[WhiteElo "2249"]
[BlackElo "1899"]
[Opening "King's Indian: Sämisch, 6...Nc6"]
[ECO "E83"]
[Time "10:14:08"]
[TimeControl "2700+45"]

1. d4 Nf6 2. c4 g6 3. Nc3 Bg7 4. e4 O-O 5. f3 d6 6. Be3 Nc6 7. Qd2 a6 8. Bd3 e5
9. d5 Nd4 10. Nge2 Ne8 11. O-O c5 12. f4 exf4 13. Bxf4 Rb8 14. Kh1 Bd7 15. Bg5
f6 16. Be3 f5 17. exf5 Nxf5 18. Bg5 Qc8 19. a4 Nc7 20. Bxf5 Rxf5 21. Ne4 Qf8 22.
N2g3 b5 23. axb5 axb5 24. Nxf5 gxf5 25. Ra7 Rc8 26. Qa5 {Black resigns} 1-0

[Event "Team 45 45 League T66"]
[Site "Internet Chess Club"]
[Date "2015.09.27"]
[Round "4"]
[White "RRK"]
[Black "alegro"]
[Result "1-0"]
[WhiteElo "2381"]
[BlackElo "1933"]
[Opening "Réti opening"]
[ECO "A04"]
[Time "20:01:21"]
[TimeControl "2700+45"]

1. Nf3 c5 2. b3 Nf6 3. Bb2 e6 4. d3 d5 5. Nbd2 d4 6. g3 Bd7 7. Bg2 Bc6 8. O-O
Nbd7 9. e3 dxe3 10. fxe3 Qc7 11. e4 Be7 12. Nc4 O-O-O 13. Ng5 b5 14. Nxf7 bxc4
15. Nxd8 Bxd8 16. bxc4 Nb6 17. Rb1 h5 18. Qe1 h4 19. Bh3 hxg3 20. Bxe6+ Bd7 21.
Bxd7+ Qxd7 22. Qxg3 Bc7 23. e5 Rh3 24. Qg2 Ne8 25. Rf8 Rh5 26. Qg6 Qh3 27. Rxe8+
Kd7 28. e6+ Kc6 29. e7+ Kd7 30. Rd8+ Bxd8 31. e8=Q+ {Black resigns} 1-0

[Event "Team 45 45 League T66"]
[Site "Internet Chess Club"]
[Date "2015.09.25"]
[Round "4"]
[White "Goldenberg"]
[Black "NFork"]
[Result "1-0"]
[WhiteElo "2144"]
[BlackElo "2140"]
[Opening "Caro-Kann: Panov-Botvinnik attack, 5...e6"]
[ECO "B14"]
[Time "01:01:11"]
[TimeControl "2700+45"]

1. e4 c6 2. d4 d5 3. exd5 cxd5 4. c4 Nf6 5. Nc3 e6 6. Nf3 Bb4 7. cxd5 Nxd5 8.
Bd2 O-O 9. Bd3 Nf6 10. O-O b6 11. Qc2 Bb7 12. Bg5 h6 13. Bxf6 Qxf6 14. Ne5 Qe7
15. Rac1 Rc8 16. Bh7+ Kh8 17. Bg6 Nc6 18. Nxf7+ Kg8 19. d5 Na5 20. dxe6 Bxc3 21.
bxc3 Qxe6 22. Rfe1 Qf6 23. Ne5 Rc7 24. Bf5 Rf8 25. Bh7+ Kh8 26. Ng6+ Kxh7 27.
Nxf8+ Kg8 28. Ng6 {Black resigns} 1-0

[Event "Team 45 45 League T66"]
[Site "Internet Chess Club"]
[Date "2015.09.25"]
[Round "4"]
[White "spand42"]
[Black "juniorVishy"]
[Result "1/2-1/2"]
[WhiteElo "2012"]
[BlackElo "2046"]
[Opening "Sicilian: accelerated fianchetto, Maróczy bind, 6.Be3"]
[ECO "B38"]
[Time "16:06:37"]
[TimeControl "2700+45"]

1. e4 c5 2. Nf3 g6 3. d4 cxd4 4. Nxd4 Bg7 5. c4 Nc6 6. Be3 d6 7. Be2 Nf6 8. Nc3
O-O 9. O-O Bd7 10. Qd2 Ng4 11. Bxg4 Bxg4 12. Rac1 Bd7 13. Nxc6 Bxc6 14. Bd4 Qa5
15. Bxg7 Kxg7 16. Qd4+ Qe5 17. Qxe5+ dxe5 18. Rfd1 Rad8 19. f3 f5 20. exf5 gxf5
21. Re1 Kf6 22. Re2 Rd4 23. Rce1 Rxc4 24. Rxe5 Re8 25. Re6+ Kf7 26. Rh6 Kg7 27.
Rhe6 Kf7 28. Rh6 Kg7 29. Rhe6 {Game drawn by mutual agreement} 1/2-1/2

[Event "Team 45 45 League T66"]
[Site "Internet Chess Club"]
[Date "2015.09.28"]
[Round "4"]
[White "vjbaker"]
[Black "gtmorton"]
[Result "0-1"]
[WhiteElo "1788"]
[BlackElo "2024"]
[Opening "Sicilian: Hungarian variation"]
[ECO "B27"]
[Time "18:00:20"]
[TimeControl "2700+45"]

1. e4 c5 2. Nf3 g6 3. d4 cxd4 4. Qxd4 Nf6 5. Nc3 Nc6 6. Qa4 d6 7. e5 dxe5 8.
Nxe5 Bd7 9. Nxd7 Nxd7 10. Be3 Bg7 11. Bb5 O-O 12. Rd1 Bxc3+ 13. bxc3 Qc7 14. O-O
Nb6 15. Qe4 e5 16. f4 f5 17. Qf3 e4 18. Qf2 Rfd8 19. Bxc6 Qxc6 20. Bd4 Nd5 21.
Qg3 Rac8 22. Rd2 b6 23. Rfd1 Rd7 24. h4 Nf6 25. Qg5 Ng4 26. h5 Qe6 27. hxg6 Qxg6
28. Qh4 Qh6 29. Qg3 Rd6 30. Be5 Rg6 31. Rd8+ Rxd8 32. Rxd8+ Kf7 33. Bd4 Ne5 34.
Qe3 Nf3+ 35. Kf2 Qh4+ 36. Ke2 Qe1# {White checkmated} 0-1

[Event "Team 45 45 League T66"]
[Site "Internet Chess Club"]
[Date "2015.09.28"]
[Round "4"]
[White "hudson"]
[Black "rayonline53"]
[Result "1-0"]
[WhiteElo "1717"]
[BlackElo "1517"]
[Opening "Caro-Kann: classical, 6.h4"]
[ECO "B18"]
[Time "01:00:58"]
[TimeControl "2700+45"]

1. e4 c6 2. d4 d5 3. Nc3 dxe4 4. Nxe4 Bf5 5. Ng3 Bg6 6. h4 h6 7. h5 Bh7 8. Nf3
Nd7 9. Bd3 Bxd3 10. Qxd3 Qc7 11. Bd2 Ngf6 12. O-O-O O-O-O 13. Kb1 e6 14. Ne4
Nxe4 15. Qxe4 Nf6 16. Qe2 Bd6 17. g3 Nd7 18. c4 Rhe8 19. c5 Bf8 20. Bf4 Qa5 21.
Ne5 Nxe5 22. Qxe5 Kd7 23. Rhe1 f6 24. Qe4 Kc8 25. Qg6 e5 26. Qf5+ Kb8 27. dxe5
fxe5 28. Rxd8+ Rxd8 29. Qxe5+ Ka8 30. Rc1 Qb5 31. Qc7 Qd3+ 32. Ka1 Qd7 33. Qxd7
Rxd7 34. Re1 Be7 35. Bd6 Bd8 36. Re8 a5 37. Kb1 Ka7 38. Kc2 Bc7 39. Bxc7 Rxc7
40. Re4 Rf7 41. f4 Rf5 42. Re5 Rf6 43. Kd3 Kb8 44. Ke4 Kc8 45. Re7 g5 46. hxg6
Rxg6 47. Kf3 Rf6 48. g4 Rg6 49. f5 Rf6 50. Kf4 Kb8 51. Ke5 Rf8 52. f6 {Black
resigns} 1-0

[Event "Team 45 45 League T66"]
[Site "Internet Chess Club"]
[Date "2015.09.27"]
[Round "4"]
[White "werty"]
[Black "pokerram"]
[Result "1/2-1/2"]
[WhiteElo "1612"]
[BlackElo "1757"]
[Opening "King's Indian: London system"]
[ECO "A45"]
[Time "14:30:26"]
[TimeControl "2700+45"]

1. d4 Nf6 2. Bf4 g6 3. Nf3 Bg7 4. e3 O-O 5. h3 d6 6. Be2 c5 7. c3 Qb6 8. Qb3 Be6
9. Qxb6 axb6 10. a3 Bd5 11. O-O Bc6 12. Nbd2 Nh5 13. Bh2 Re8 14. Rfe1 Nd7 15. e4
cxd4 16. Nxd4 Nhf6 17. Bb5 Rec8 18. a4 e5 19. Nxc6 bxc6 20. Bf1 Ne8 21. f3 d5
22. Red1 Nef6 23. Bd3 Nh5 24. Nf1 Nc5 25. Bc2 dxe4 26. fxe4 Nf4 27. Nd2 Rd8 28.
Nc4 b5 29. axb5 cxb5 30. Ne3 Rxa1 31. Rxa1 Rd2 32. Rd1 Rxd1+ 33. Nxd1 Nfd3 34.
Kf1 {Game drawn by mutual agreement} 1/2-1/2

[Event "Team 45 45 League T66"]
[Site "Internet Chess Club"]
[Date "2015.09.28"]
[Round "4"]
[White "idjit"]
[Black "Electryon"]
[Result "1-0"]
[WhiteElo "1570"]
[BlackElo "1376"]
[Opening "French: Rubinstein variation"]
[ECO "C10"]
[Time "19:00:21"]
[TimeControl "2700+45"]

1. e4 e6 2. d4 d5 3. Nc3 dxe4 4. Nxe4 Be7 5. Nf3 Nf6 6. Bd3 Bd7 7. O-O Bc6 8.
Re1 Nbd7 9. Nxf6+ Nxf6 10. Ne5 Qd6 11. Nxc6 Qxc6 12. Qe2 O-O-O 13. c3 h5 14. a4
h4 15. Bf4 Nh5 16. Be4 Nxf4 17. Qf3 Qb6 18. Qxf4 Rdf8 19. b4 g5 20. Qf3 f5 21.
a5 Qb5 22. c4 g4 23. cxb5 gxf3 24. Bxf3 Bxb4 25. Rxe6 Bc3 26. Ra4 Rd8 27. d5
Rhe8 28. a6 b6 29. Rxh4 Bd2 30. h3 f4 31. g4 fxg3 32. fxg3 Be3+ 33. Kg2 Rxe6 34.
dxe6 Rd2+ 35. Kf1 Rf2+ 36. Ke1 Bd4 37. Bg4 Kd8 38. Rh7 Rb2 39. e7+ Ke8 40. Bh5+
{Black resigns} 1-0

[Event "Team 45 45 League T66"]
[Site "Internet Chess Club"]
[Date "2015.09.24"]
[Round "4"]
[White "frank001"]
[Black "Bleddyn"]
[Result "1-0"]
[WhiteElo "1833"]
[BlackElo "1498"]
[Opening "King's Indian: Torre attack"]
[ECO "A48"]
[Time "14:01:05"]
[TimeControl "2700+45"]

1. d4 Nf6 2. Nf3 g6 3. Bg5 Bg7 4. Nbd2 O-O 5. e4 d5 6. exd5 Nxd5 7. Bc4 c5 8. c3
cxd4 9. cxd4 Nc6 10. Nb3 h6 11. Be3 Bf5 12. a3 Nb6 13. Be2 Rc8 14. Rc1 a6 15.
O-O Re8 16. Qd2 Kh7 17. Rfd1 Nd5 18. Nc5 Rc7 19. Nxb7 Rxb7 20. Rxc6 a5 21. Rc5
a4 22. Ne5 Nxe3 23. fxe3 Qb6 24. Rb5 Qa7 25. Nxf7 Rxb5 26. Bxb5 e5 27. Bxe8
{Black resigns} 1-0

[Event "Team 45 45 League T66"]
[Site "Internet Chess Club"]
[Date "2015.09.28"]
[Round "4"]
[White "pishd"]
[Black "kabindra"]
[Result "0-1"]
[WhiteElo "1762"]
[BlackElo "1764"]
[Opening "King's Indian: East Indian defense"]
[ECO "A48"]
[Time "10:10:28"]
[TimeControl "2700+45"]

1. d4 Nf6 2. Nf3 g6 3. e3 Bg7 4. Be2 O-O 5. O-O d6 6. c4 Bf5 7. Qb3 b6 8. Nc3
Nc6 9. Nh4 Bd7 10. Bd3 Rb8 11. a4 a5 12. f4 e5 13. fxe5 dxe5 14. Nf3 exd4 15.
exd4 Bg4 16. Be3 Bxf3 17. Rxf3 Nxd4 18. Bxd4 Qxd4+ 19. Kh1 Ng4 20. Raf1 Ne5 21.
Nb5 Qh4 22. Rh3 Qe7 23. Re1 c6 24. Nd4 Qd6 25. Nf3 Nxd3 26. Ng5 Nxe1 27. Nxh7
Qf4 {White resigns} 0-1

[Event "Team 45 45 League T66"]
[Site "Internet Chess Club"]
[Date "2015.09.27"]
[Round "4"]
[White "pcvan"]
[Black "nanning"]
[Result "0-1"]
[WhiteElo "1540"]
[BlackElo "1673"]
[Opening "Four knights: Rubinstein counter-gambit"]
[ECO "C48"]
[Time "08:06:17"]
[TimeControl "2700+45"]

1. e4 e5 2. Nf3 Nc6 3. Nc3 Nf6 4. Bb5 Nd4 5. Ba4 b5 6. Nxb5 Nxb5 7. Bxb5 c6 8.
Bd3 d6 9. O-O Be7 10. Re1 O-O 11. Bc4 Qb6 12. d4 Rd8 13. dxe5 Ng4 14. Qe2 Nxe5
15. Nxe5 dxe5 16. c3 Rb8 17. Qh5 Rf8 18. Qxe5 Bc5 19. Qf4 Be6 20. b3 Bxc4 21.
bxc4 Rbe8 22. Be3 Bxe3 23. Qxe3 Qa6 24. Qc5 Rc8 25. Red1 Rfd8 26. a3 Qa4 27.
Rxd8+ Rxd8 28. f3 g6 29. Qb4 Qc2 30. Rb1 Rd2 31. Qb8+ Kg7 32. Qe5+ Kh6 33. Qf4+
Kg7 34. Qe5+ Kh6 35. Qf4+ Kg7 36. Rf1 Rxg2+ 37. Kh1 Qe2 38. Rg1 Rxg1+ 39. Kxg1
Qe1+ 40. Kg2 Qxc3 41. Qc7 Qxc4 42. Qxa7 Qc2+ 43. Qf2 Qa4 44. Qb2+ Kh6 45. Qb4
Qc2+ 46. Kg3 c5 47. Qb7 Kg7 48. e5 Qc3 49. Qc7 Qe1+ 50. Kg4 Qg1+ 51. Kh3 Qf1+
52. Kg3 c4 53. a4 Qe1+ 54. Kf4 c3 55. e6 Qd2+ 56. Ke4 c2 57. Qxf7+ Kh6 58. Qf8+
Kh5 59. Qc5+ Kh6 60. e7 Qe2+ 61. Kd4 Qf2+ 62. Ke4 Qxc5 63. e8=Q c1=Q {White
resigns} 0-1

[Event "Team 45 45 League T66"]
[Site "Internet Chess Club"]
[Date "2015.09.27"]
[Round "4"]
[White "HorseRadish"]
[Black "Leon13"]
[Result "1-0"]
[WhiteElo "1425"]
[BlackElo "1395"]
[Opening "Philidor's defense"]
[ECO "C41"]
[Time "17:07:04"]
[TimeControl "2700+45"]

1. e4 e5 2. Nf3 d6 3. d4 Bg4 4. dxe5 Bxf3 5. gxf3 Nc6 6. exd6 Bxd6 7. Be3 Qf6 8.
c3 Ne5 9. Be2 Ne7 10. f4 Nd7 11. e5 Nxe5 12. fxe5 Bxe5 13. Qa4+ c6 14. Nd2 Nd5
15. O-O-O Nxe3 16. fxe3 Qf2 17. Qe4 f6 18. Nc4 Qxe2 19. Nxe5 fxe5 20. Qxe5+ Kf8
21. Rhf1+ Kg8 22. Qe6# {Black checkmated} 1-0

[Event "Team 45 45 League T66"]
[Site "Internet Chess Club"]
[Date "2015.09.26"]
[Round "4"]
[White "zap2"]
[Black "justice02"]
[Result "1/2-1/2"]
[WhiteElo "1807"]
[BlackElo "1612"]
[Opening "Réti: King's Indian attack (Barcza system)"]
[ECO "A07"]
[Time "09:00:40"]
[TimeControl "2700+45"]

1. g3 d5 2. Nf3 Nc6 3. Bg2 e5 4. d3 Nf6 5. O-O Be7 6. Nbd2 Bg4 7. h3 Bh5 8. c3
O-O 9. Qe1 Re8 10. e4 d4 11. cxd4 Nxd4 12. Nxd4 Qxd4 13. Qe3 Qxe3 14. fxe3 Be2
15. Nc4 Bxf1 16. Bxf1 Bc5 17. Bd2 Rad8 18. b4 b5 19. Na5 Bb6 20. Bc1 Nh5 21. Kg2
Re6 22. Be2 Nf6 23. Kf3 c5 24. Nb7 Rc8 25. a3 c4 26. dxc4 bxc4 27. a4 c3 28. a5
Bc7 29. Bc4 Re7 30. Ba3 Bd8 31. Nd6 Rb8 32. Rc1 Rd7 33. Nb5 Be7 34. Rxc3 a6 35.
Nc7 Bxb4 36. Bxb4 Rxc7 37. Bd6 Rbc8 38. Bxf7+ Kxf7 39. Rxc7+ Rxc7 40. Bxc7 Ke6
41. Bb8 h5 42. g4 hxg4+ 43. hxg4 Nd7 44. Bc7 Kf7 45. Bd6 Ke6 46. Bc7 {Game drawn
by mutual agreement} 1/2-1/2